[Event "Early-Titled-Tuesday-Blitz-February-06-2024"]
[Site "Chess.com"]
[Date "2024.02.06"]
[Round "3"]
[White "Squirlolz"]
[Black "smotherhubbard"]
[Result "1-0"]
[WhiteElo "2566"]
[BlackElo "2366"]
[TimeControl "180+1"]
[EndTime "8:28:50 PST"]
[Termination "Squirlolz won on time"]

1. e4 e6 2. d3 d5 3. Nd2 Nf6 4. e5 Nfd7 5. f4 c5 6. g3 Nc6 7. Bg2 f6 8. exf6 Nxf6 9. Nh3 Bd6 10. O-O O-O 11. Nf3 e5 12. fxe5 Nxe5 13. Nf4 Bg4 14. h3 Nxf3+ 15. Bxf3 Bxf4 16. Bxf4 Bxh3 17. Re1 c4 18.
dxc4 Qb6+ 19. Kh2 Bf5 20. cxd5 Qf2+ 21. Kh1 g5 22. Be5 Rae8 23. Rf1 Qc5 24. Bd4 Qd6 25. Kg2 g4 26. Be2 Qxd5+ 27. Kg1 Ne4 28. Bxg4 Nxg3 29. Bf3 Qd6 30. Rf2 Qg6 31. Rg2 Bh3 32. Bd5+ Be6 33. Bxe6+ Rxe6 34. Qd3 Qxd3 35. cxd3 Rg6 36. Re1 Nf5 37.
Rxg6+ hxg6 38. Bc3 Kf7 39. Kg2 Rd8 40. Rh1 Rxd3 41.
Rh7+ Ke6 42. Rxb7 Rg3+ 43. Kf2 Kd5 44. Rxa7 Ke4 45. Ra4+ Kd3 46. Rf4 Re3 47. Rf3 Ke4 48. Rxe3+ Nxe3 49. Bd2 Nc4 50. Bc3 g5 51. b3 Nd6 52.
Kg3 Kf5 53. Bb4 Ne4+ 54. Kg2 g4 55. a4 Kf4 56. a5 Nf6 57. a6 Nd7 58. Ba5 1-0

[Event "Early-Titled-Tuesday-Blitz-February-06-2024"]
[Site "Chess.com"]
[Date "2024.02.06"]
[Round "3"]
[White "andrzej"]
[Black "Elnaz_Kaliakhmet"]
[Result "0-1"]
[WhiteElo "2421"]
[BlackElo "2203"]
[TimeControl "180+1"]
[EndTime "8:28:50 PST"]
[Termination "Elnaz_Kaliakhmet won by checkmate"]

1. e4 c5 2. Nf3 Nc6 3. d4 cxd4 4. Nxd4 Nf6 5. Nc3 d6 6. Bg5 Bd7 7. Be2 Qb6 8. Nb3 e6 9. Bxf6 gxf6 10. Qd2 h5 11.
Nb5 Ne5 12. N5d4 a6 13. Qa5 Qxa5+ 14. Nxa5 d5 15. Ndb3 b6 16. exd5 bxa5 17. dxe6 fxe6 18. O-O a4 19. Na5 Bb4 20. Nc4 Nxc4 21. Bxc4 Bb5 22. Bxb5+ axb5 23. c3 Bc5 24. Rfe1 Kf7 25. g3 Rad8 26.
Re2 h4 27. Kg2 hxg3 28. hxg3 Rd6 29. f3 Rhd8 30. Rae1 Rd2 31. f4 Rxe2+ 32. Rxe2 Rd1 33. Kf3 Rf1+ 34. Kg2 Rg1+ 35. Kf3 Ra1 36. b4 axb3 37. axb3 Rb1 38. b4 Be7 39. g4 Rc1 40. Re3 Bd8 41.
Rd3 Ke7 42. g5 fxg5 43. fxg5 Rg1 44. Kf4 Bc7+ 45. Ke4 Rxg5 46. Rd1 Rg4+ 47. Kf3 Rc4 48. Rd3 Be5 49. Ke2 Rxc3 50. Rd1 Rc4 51. Rb1 Bd6 52.
Kd3 Rxb4 53. Rh1 Rg4 54. Rh7+ Kf6 55. Rb7 b4 56. Rb6 Be5 57. Ke2 Rc4 58. Kf3 Bc3 59.
Ke3 Rc5 60. Kd3 Ke5 61. Rb8 Kf4 62. Rg8 e5 63. Rf8+ Kg5 64. Ke4 b3 65. Rg8+ Kf6 66. Rf8+ Ke7 67. Rb8 b2 68. Kf5 Rc4 69. Rb6 Rb4 70.
Rh6 b1=Q+ 71. Kg5 Qg1+ 72. Kf5 Qg4# 0-1

[Event "Early-Titled-Tuesday-Blitz-February-06-2024"]
[Site "Chess.com"]
[Date "2024.02.06"]
[Round "3"]
[White "Gryffindorac8"]
[Black "Keeper0416"]
[Result "0-1"]
[WhiteElo "2363"]
[BlackElo "2568"]
[TimeControl "180+1"]
[EndTime "8:28:51 PST"]
[Termination "Keeper0416 won by checkmate"]

1. d4 d5 2. c4 Bf5 3. cxd5 Bxb1 4. Rxb1 Qxd5 5. Nf3 Nc6 6. e3 e5 7. Nxe5 Nxe5 8. dxe5 Bb4+ 9. Bd2 Bxd2+ 10. Qxd2 Qxe5 11. Be2 Nf6 12. O-O O-O 13. Bf3 c6 14. b4 Rfd8 15. Qe2 Nd5 16. Qb2 Qxb2 17. Rxb2 Nc3 18. Rc1 Na4 19. Rb3 a6 20. g3 Rd6 21. Ra3 Nb6 22.
Ra5 Rad8 23. a4 Rf6 24. Bg2 Rd2 25. Rf1 Rb2 26. b5 axb5 27. axb5 cxb5 28. Bxb7 g6 29. Ra6 Kg7 30. Be4 b4 31. f4 Nc4 32. Rxf6 Kxf6 33. Rc1 Nxe3 34. Rc6+ Kg7 35. Rb6 f5 36. Bf3 h5 37.
Rb7+ Kf6 38. Rb6+ Kf7 39. Rb7+ Kf8 40. h4 b3 41. Rb8+ Ke7 42. Bc6 Rb1+ 43. Kf2 Nc4 44.
Ba4 b2 45. Bb5 Rf1+ 46. Kxf1 b1=Q+ 47. Kf2 Qb2+ 48. Kf3 Nd6 49. Bc6 Qxb8 50. Ke3 Qb4 51. Bd5 Qc5+ 52. Kf3 Qxd5+ 53. Kf2 Qe4 54. g4 Nc4 55.
gxh5 Qxf4+ 56. Kg2 Ne3+ 57. Kh1 Qf2 58. hxg6 Qg2# 0-1

[Event "Early-Titled-Tuesday-Blitz-February-06-2024"]
[Site "Chess.com"]
[Date "2024.02.06"]
[Round "3"]
[White "Hovik_Hayrapetyan"]
[Black "CaspiIsrael"]
[Result "1-0"]
[WhiteElo "2898"]
[BlackElo "2685"]
[TimeControl "180+1"]
[EndTime "8:28:52 PST"]
[Termination "Hovik_Hayrapetyan won on time"]

1. d4 Nf6 2. c4 e6 3. Nc3 Bb4 4. e3 O-O 5. Nf3 d5 6. Bd2 c5 7. a3 Bxc3 8. Bxc3 Ne4 9. Qc2 Nxc3 10. Qxc3 cxd4 11. Nxd4 e5 12. Nf3 Nc6 13. cxd5 Qxd5 14. Bc4 Qd6 15. Rd1 Qf6 16. Bd5 Bg4 17. h3 Bh5 18. g4 Bg6 19. Bxc6 bxc6 20. Nxe5 Be4 21. O-O Rfe8 22. f4 Qh4 23. Kh2 f6 24. Qc4+ Bd5 25.
Rxd5 fxe5 26. Rxe5+ Kh8 27. Rxe8+ Rxe8 28. Qxc6 Rd8 29. Qg2 Qe7 30. e4 Rd4 31. e5 h6 32.
Rf2 Qc5 33. Qg3 Rd1 34. f5 Qd5 35. Rg2 Rd3 36. Qe1 Qf3 37. Rg3 Qf4 38. h4 Rd2+ 39. Kh3 Qd4 40. e6 Rd1 41. Qe3 Rh1+ 42. Kg2 Qd1 43. Rf3 Rxh4 44. e7 Qh1+ 45. Kf2 Rh2+ 46.
Kg3 Rg2+ 47. Kf4 Qh2+ 48. Ke4 Qb8 49. f6 Rxb2 50. fxg7+ Kh7 51. Qd3 Rb6 52. Ke3+ Rg6 53. g8=Q+ Qxg8 54. Rf6 1-0

[Event "Early-Titled-Tuesday-Blitz-February-06-2024"]
[Site "Chess.com"]
[Date "2024.02.06"]
[Round "3"]
[White "vasblesk"]
[Black "Shushik"]
[Result "0-1"]
[WhiteElo "2740"]
[BlackElo "2544"]
[TimeControl "180+1"]
[EndTime "8:28:54 PST"]
[Termination "Shushik won on time"]

1. d4 Nf6 2. c4 e6 3. g3 d5 4. Bg2 dxc4 5. Nf3 Nc6 6. O-O Rb8 7. a4 b6 8. Ne5 Nxe5 9. dxe5 Nd5 10. Nc3 Bb7 11. Ne4 Be7 12. Qc2 Ba6 13. Rd1 O-O 14. Nc3 c6 15. Bd2 Qc7 16. Qe4 Rbd8 17. h4 Nxc3 18. bxc3 Rd5 19. Bf4 Rfd8 20. Rdb1 Bf8 21. h5 h6 22. Bf3 c5 23. Kg2 R5d7 24.
g4 Be7 25. Kg3 Bb7 26. Qxc4 Bxf3 27. Kxf3 Qc6+ 28. Qe4 Qd5 29. c4 Qxe4+ 30. Kxe4 Rd4+ 31. Kf3 Rxc4 32. Rd1 Rcd4 33. Rdb1 c4 34. Be3 R4d5 35. Ke4 Bc5 36. Rc1 Bxe3 37. fxe3 Rc8 38. Rc2 Kf8 39. Rac1 Rdc5 40. Rc3 Ke7 41. Kd4 Rd8+ 42. Ke4 Rdd5 43. Rxc4 Rxe5+ 44. Kf3 Red5 45. Rxc5 Rxc5 46. Rb1 Kd6 47.
Rd1+ Kc7 48. Rd4 e5 49. Rb4 Kd6 50. Rb1 Rc4 51. a5 Kc6 52. axb6 axb6 53. Rd1 b5 54. Rd8 b4 55. Rc8+ Kb5 56. Rb8+ Ka4 57. Rb7 b3 58. Ra7+ Kb4 59. Rxf7 Kc3 60. Rxg7 b2 61. Rb7 Rb4 62.
Rc7+ Kd2 63. Rd7+ Ke1 64. g5 b1=Q 0-1

[Event "Early-Titled-Tuesday-Blitz-February-06-2024"]
[Site "Chess.com"]
[Date "2024.02.06"]
[Round "3"]
[White "atalz0"]
[Black "brm72"]
[Result "1-0"]
[WhiteElo "2482"]
[BlackElo "2664"]
[TimeControl "180+1"]
[EndTime "8:28:55 PST"]
[Termination "atalz0 won by checkmate"]

1. d4 Nf6 2. c4 e6 3. Nc3 Bb4 4. Qc2 O-O 5. e4 d5 6. e5 Ne4 7. Bd3 c5 8. Nf3 cxd4 9. Nxd4 Nd7 10.
Bxe4 dxe4 11. Qxe4 Nc5 12. Qe3 Bxc3+ 13. bxc3 b6 14.
Ba3 Ba6 15. Nb5 Bxb5 16. cxb5 Rc8 17. O-O Qh4 18. f4 Qg4 19. h3 Qf5 20. Rfd1 h5 21.
Rd4 Qc2 22. Qd2 Qf5 23. Re1 Rfe8 24. c4 Nb7 25. Kh2 Na5 26. Rc1 Nb7 27. Bb4 Nc5 28. Re1 a5 29. bxa6 Nxa6 30. Bd6 Nc5 31. Re2 Ra8 32. Qc2 Qxc2 33. Rxc2 Ra4 34. Rb2 Ra6 35. Kg3 Rea8 36. Bxc5 bxc5 37. Rdd2 Ra3+ 38. Kh4 R8a4 39. Rdc2 Kh7 40. g4 hxg4 41. hxg4 Rf3 42. Rf2 Rxf2 43. Rxf2 Rxc4 44. f5 exf5 45. Rxf5 Ra4 46. Rxf7 Rxa2 47. Rc7 Ra5 48. Kg5 Kg8 49. Kg6 Kf8 50. e6 Ra6 51. Rf7+ Ke8 52. Kf5 g6+ 53. Ke5 c4 54.
Rc7 Ra5+ 55. Kf6 Kd8 56. Rxc4 Ra7 57. Rd4+ Ke8 58. Rb4 Ra8 59. Rb7 Ra6 60. Rb8# 1-0

[Event "Early-Titled-Tuesday-Blitz-February-06-2024"]
[Site "Chess.com"]
[Date "2024.02.06"]
[Round "3"]
[White "LaPiToB"]
[Black "Arteler"]
[Result "1-0"]
[WhiteElo "2312"]
[BlackElo "2568"]
[TimeControl "180+1"]
[EndTime "8:28:55 PST"]
[Termination "LaPiToB won by resignation"]

1. d4 d5 2. c4 e6 3. Nc3 Nf6 4. Nf3 Be7 5. Bf4 c6 6. e3 O-O 7.
Be2 b6 8. O-O Bb7 9. Rc1 Nbd7 10. cxd5 cxd5 11. Nb5 Ba6 12. Nc7 Bxe2 13. Qxe2 Rc8 14.
Nb5 a6 15. Na7 Rxc1 16. Rxc1 Qa8 17. Qxa6 Nb8 18. Bxb8 Rxb8 19. Rc8+ Rxc8 20. Qxc8+ Qxc8 21. Nxc8 Bd8 22. Ne5 Ne4 23. f3 Nd2 24. Nd7 b5 25. Nd6 Nc4 26. Nxb5 Nxb2 27. Kf2 Nc4 28. Ke2 h6 29. a4 Kh7 30. Na7 g5 31. Nc6 Bc7 32. Kd3 Kg6 33. Nc5 Bxh2 34. e4 Bc7 35. exd5 exd5 36.
Ne7+ Kf6 37. Nxd5+ Kf5 38. Nxc7 Kf4 39. Kxc4 Kg3 40.
Ne4+ Kxg2 41. Nd2 h5 42. Nd5 h4 43. Ne3+ Kf2 44. Ng4+ Kg3 45. Kc3 h3 46. a5 f6 47.
a6 f5 48. a7 fxg4 49. a8=Q h2 50. fxg4 Kxg4 51. Qh1 Kg3 52. Nf1+ Kh3 53. Qxh2+ Kg4 54. Qg3+ Kf5 55. Ne3+ Ke4 56. Qg4+ Kxe3 57. Qxg5+ Ke4 58. Qe5+ Kf3 59. d5 Kg4 60. d6 1-0

[Event "Early-Titled-Tuesday-Blitz-February-06-2024"]
[Site "Chess.com"]
[Date "2024.02.06"]
[Round "3"]
[White "JonasEilenberg"]
[Black "chezzgirl04"]
[Result "1-0"]
[WhiteElo "2533"]
[BlackElo "2187"]
[TimeControl "180+1"]
[EndTime "8:28:56 PST"]
[Termination "JonasEilenberg won on time"]

1. e4 e5 2. Nf3 Nc6 3. Bc4 Bc5 4. d3 Nf6 5. Bg5 O-O 6. c3 h6 7. Bh4 Bb6 8. a4 a5 9. Nbd2 g5 10. Bg3 d5 11. exd5 Nxd5 12. O-O Nf4 13. Bxf4 exf4 14. d4 g4 15. Ne1 h5 16. Qc2 Qg5 17. Ne4 Qg7 18. Qd2 Be6 19. d5 Ne5 20. Bb3 Nf3+ 21. gxf3 g3 22. hxg3 fxg3 23. Qg5 gxf2+ 24. Rxf2 Bxf2+ 25. Kxf2 Qxg5 26. Nxg5 Bf5 27. Ng2 Rae8 28. Ne3 Bd3 29.
Rg1 Kh8 30. d6 cxd6 31. Nxf7+ Kh7 32. Ng5+ Kh6 33. Nf7+ Kh7 34. Nxd6 Re7 35. Rg5 Rf6 36. Nf7 Rfxf7 37. Bxf7 Rxf7 38. Rxh5+ Kg6 39. Rxa5 Be4 40. Nc4 Rxf3+ 41. Ke2 Rh3 42. Ne5+ Kg7 43. Ng4 Rg3 44. Nf2 Bc6 45. Rc5 Kf8 46. a5 Rg6 47. b4 Re6+ 48. Kd2 Rd6+ 49. Nd3 Be4 50. Rc8+ Kg7 51. Rc4 Bxd3 52.
Rc7+ Kg6 53. Ke3 Bf5 54. Rxb7 Rd3+ 55. Kf4 Rxc3 56. Rb6+ Kg7 57. Kxf5 1-0

[Event "Early-Titled-Tuesday-Blitz-February-06-2024"]
[Site "Chess.com"]
[Date "2024.02.06"]
[Round "3"]
[White "Alen_Yeremyann"]
[Black "ChristopherYoo"]
[Result "0-1"]
[WhiteElo "2724"]
[BlackElo "2971"]
[TimeControl "180+1"]
[EndTime "8:28:57 PST"]
[Termination "ChristopherYoo won by resignation"]

1. e4 c5 2. Nc3 Nc6 3. Bb5 Nd4 4. Bc4 e6 5. Nge2 Nf6 6. O-O b5 7. Nxb5 Nxb5 8. Bxb5 Nxe4 9. d4 Bb7 10. Be3 Nd6 11. Ba4 Nf5 12. Bf4 Qa5 13. c3 cxd4 14. Nxd4 Qd5 15.
Nf3 Bd6 16. Bxd6 Nxd6 17. Qxd5 Bxd5 18. Rad1 Nc4 19. b3 Nb6 20. Bb5 Bxf3 21. gxf3 a6 22. Be2 Nd5 23. c4 Nf4 24. Rfe1 Ke7 25. Rd4 g5 26.
Bf1 a5 27. Red1 Rhd8 28. Rd6 Nd5 29. R6xd5 exd5 30. Rxd5 f6 31. Bd3 h6 32. Be4 a4 33. b4 a3 34. Rd3 Ra4 35. Rb3 Rb8 36. b5 Rxc4 37. b6 f5 38. Bxf5 d5 39. b7 Kd6 40. Bc8 d4 41. Rxa3 Rc3 42. Ra6+ Kc7 43. Ra4 d3 44. Rd4 Rc1+ 45. Kg2 Rd1 46. a4 Rxb7 47.
Bxb7 Kxb7 48. Rd6 Kc7 49. Rd4 Kc6 50. a5 Kb5 51. Rd5+ Kc4 52. Rd8 Ra1 53. Rc8+ Kb3 54. Rb8+ Kc2 55. Rc8+ Kd1 56. Rd8 d2 57. Rd5 Kc2 58.
Rc5+ Kb3 59. Rd5 d1=Q 60. Rxd1 Rxd1 61. Kg3 Ra1 62. Kg4 Rxa5 63. f4 gxf4 64. Kxf4 Kc4 65. Kg4 Kd4 66. f4 Ke4 0-1

[Event "Early-Titled-Tuesday-Blitz-February-06-2024"]
[Site "Chess.com"]
[Date "2024.02.06"]
[Round "3"]
[White "NMJeevanK"]
[Black "gmcorrales"]
[Result "0-1"]
[WhiteElo "2582"]
[BlackElo "2864"]
[TimeControl "180+1"]
[EndTime "8:28:57 PST"]
[Termination "gmcorrales won by checkmate"]

1. e4 c5 2. Nc3 d6 3. f4 a6 4. Nf3 Nc6 5. d3 g6 6. Be3 Bg7 7. Qd2 Bg4 8. Be2 Qd7 9. O-O Nd4 10. Bxd4 cxd4 11. Nd1 Rc8 12. Nf2 Bxf3 13. Bxf3 e6 14. Rac1 Ne7 15. g4 e5 16. f5 h5 17. gxh5 Bh6 18. Qe2 Bxc1 19. Rxc1 gxf5 20. exf5 Qxf5 21.
Kh1 Qf4 22. Rg1 Qe3 23. c4 Qxe2 24. Bxe2 b5 25. Ne4 Rd8 26. b3 Kf8 27. Nf6 Nf5 28. Nd5 bxc4 29. bxc4 Rh6 30. a4 a5 31. Rb1 Ne7 32.
Nb6 d5 33. c5 Rc6 34. Rb5 e4 35. Rxa5 Nf5 36. Ra7 Ng7 37. h6 Rxh6 38. a5 Rc6 39. a6 Ne6 40. Rb7 Nxc5 41. Nd7+ Rxd7 42. a7 Ra6 43.
Rb8+ Kg7 44. a8=Q Rxa8 45. Rxa8 exd3 46. Bg4 Rb7 47. Ra4 Nb3 48. Kg2 d2 49. Bd1 Kf6 50.
Kf2 Ke5 51. Ke2 f5 52. Ra8 Nc5 53. Kxd2 Kf4 54. Ra5 Rb2+ 55. Ke1 Nd3+ 56. Kf1 Rf2+ 57. Kg1 Rd2 58. Bh5 Ke4 59. Ra8 Ne5 60. Ra3 d3 61. h4 d4 62. Kf1 Rc2 63. Ra5 Nc4 64. Ra7 Ne3+ 65. Ke1 Kf4 66. Bd1 Rh2 67. Bb3 d2# 0-1

[Event "Early-Titled-Tuesday-Blitz-February-06-2024"]
[Site "Chess.com"]
[Date "2024.02.06"]
[Round "3"]
[White "BestStelker"]
[Black "tptagain"]
[Result "1/2-1/2"]
[WhiteElo "2716"]
[BlackElo "2929"]
[TimeControl "180+1"]
[EndTime "8:28:58 PST"]
[Termination "Game drawn - insufficient material"]

1. c4 e5 2. Nc3 d6 3. g3 f5 4. Bg2 Nf6 5. d4 Be7 6. e3 O-O 7. Nf3 e4 8. Nd2 c6 9. O-O d5 10. Qb3 Kh8 11. a4 Na6 12. a5 Nb4 13. Ra4 Nd3 14.
Ne2 g5 15. f3 Rb8 16. cxd5 cxd5 17. Nc3 Bd7 18. Ra1 Bc6 19. Rd1 Qd7 20. Bf1 Nxc1 21. Raxc1 f4 22. fxe4 fxe3 23. Nf3 Nxe4 24. Ne5 Qf5 25.
Nxe4 dxe4 26. Qxe3 Bd5 27. Be2 Qe6 28. Bg4 Qa6 29. Nd7 Qxa5 30. Nxb8 Rxb8 31. Rf1 Qb6 32. Rf5 Rd8 33. Re5 Bf6 34. Rxd5 Rxd5 35. Qxe4 Qxd4+ 36. Qxd4 Rxd4 37. Bf3 Rd7 38. Rc8+ Kg7 39. b3 b6 40. Ra8 Rd3 41. Be4 Rxb3 42. Rxa7+ Kf8 43. Rxh7 Rb1+ 44. Kf2 Rb2+ 45. Kf3 b5 46. Bd5 Bg7 47. Rh5 Bf6 48. Rh7 Bg7 49. Rh5 b4 50. Rxg5 Rxh2 51.
Rf5+ Ke8 52. Rf7 Bc3 53. Rb7 Rd2 54. Ke4 Rd4+ 55. Ke5 Rd3+ 56. Ke6 Re3+ 57. Kd6 Be5+ 58. Kc5 Rxg3 59. Rxb4 Ke7 60. Rb7+ Kf6 61. Rf7+ Kg5 62. Rf3 Rxf3 63. Bxf3 1/2-1/2

[Event "Early-Titled-Tuesday-Blitz-February-06-2024"]
[Site "Chess.com"]
[Date "2024.02.06"]
[Round "3"]
[White "Paladin61"]
[Black "mbojan"]
[Result "0-1"]
[WhiteElo "2676"]
[BlackElo "2878"]
[TimeControl "180+1"]
[EndTime "8:29:01 PST"]
[Termination "mbojan won on time"]

1. e4 c5 2. Nf3 e6 3. g3 d5 4. exd5 exd5 5. d4 Nc6 6. Bg2 Nf6 7. O-O cxd4 8. Nxd4 Be7 9. Nc3 Bg4 10. Qd3 O-O 11.
Bf4 Re8 12. a3 a6 13. Nf5 Bc5 14. h3 Bxf5 15. Qxf5 Nd4 16. Qd3 Ne6 17. Be5 Ng5 18. Bd4 Bxd4 19. Qxd4 Ne6 20. Qd2 d4 21. Ne2 Qd7 22.
Rad1 Rad8 23. Rfe1 h5 24. Nf4 h4 25. Nxe6 Rxe6 26. Rxe6 Qxe6 27. Re1 Qd6 28. Qg5 hxg3 29. fxg3 d3 30. cxd3 Qd4+ 31. Kh2 Qxb2 32. Rf1 Rxd3 33. Qf5 Rd2 34. Qc8+ Kh7 35. Qf5+ g6 36. Qf3 Kg7 37.
Kh1 b5 38. g4 Rd7 39. g5 Nh5 40. h4 Qe5 41. Kg1 Qc5+ 42. Kh2 Qe5+ 43. Kg1 Re7 44. Rd1 Qc5+ 45. Kh2 Re3 46. Qb7 Qe5+ 47. Kg1 Re1+ 48. Rxe1 Qxe1+ 49. Kh2 Qxh4+ 50. Kg1 Qe1+ 51. Kh2 Qe5+ 52. Kg1 Nf4 53. Be4 Qxg5+ 54. Kf2 Qe5 55. Kf3 Ne6 56. Bd5 Nd4+ 57. Kf2 Qf4+ 58. Kg2 a5 59. Qd7 b4 60. axb4 axb4 61. Kh3 Qh6+ 62. Kg4 Qh5+ 63. Kg3 Qg5+ 64. Kf2 Qf5+ 65. Kg2 Qxd7 0-1

[Event "Early-Titled-Tuesday-Blitz-February-06-2024"]
[Site "Chess.com"]
[Date "2024.02.06"]
[Round "3"]
[White "alekroth65"]
[Black "campochess"]
[Result "1-0"]
[WhiteElo "2371"]
[BlackElo "2080"]
[TimeControl "180+1"]
[EndTime "8:29:01 PST"]
[Termination "alekroth65 won by checkmate"]

1. d4 Nf6 2. c4 e6 3. Nf3 b6 4. g3 Bb7 5. Bg2 Bb4+ 6. Bd2 a5 7.
Nc3 O-O 8. O-O Re8 9. Rc1 Bf8 10. Qc2 d6 11. e4 Nfd7 12. Be3 Nc6 13. a3 Ne7 14. h4 h6 15. b4 axb4 16. axb4 f5 17. Rfd1 fxe4 18. Nxe4 Nf5 19. Bf4 Nf6 20. Nxf6+ Qxf6 21. d5 e5 22. Bd2 Ra3 23. Bc3 g6 24. Nd2 Nd4 25. Bxd4 exd4 26. Ne4 Qg7 27. Qb2 Rea8 28. Qxd4 Qxd4 29. Rxd4 Bg7 30. Rd2 Bc8 31. c5 Bf5 32. cxb6 Bxe4 33. Bxe4 cxb6 34. Bxg6 Ra1 35. Kg2 Rxc1 36.
Bf5 Rf8 37. g4 Kh8 38. Re2 h5 39. f3 hxg4 40. fxg4 Bd4 41. Re6 Rxf5 42. gxf5 Be5 43. f6 Rc4 44. Re8+ Kh7 45. f7 Bg7 46. f8=Q Bxf8 47.
Rxf8 Rxh4 48. Rf6 Rxb4 49. Rxd6 Kg7 50. Kf3 Kf7 51. Rh6 Ke7 52. Ke3 Kd7 53. Kd3 Rb1 54.
Kc4 Rb2 55. Rh7+ Kd6 56. Rh6+ Kd7 57. Kc3 Rb1 58. Kd4 Rb2 59. Ke5 Rb4 60. Rh7+ Kc8 61. Kd6 Rd4 62. Kc6 b5 63. Rh8# 1-0

[Event "Early-Titled-Tuesday-Blitz-February-06-2024"]
[Site "Chess.com"]
[Date "2024.02.06"]
[Round "3"]
[White "korkmaz16"]
[Black "le_poisson"]
[Result "1-0"]
[WhiteElo "2505"]
[BlackElo "2300"]
[TimeControl "180+1"]
[EndTime "8:29:04 PST"]
[Termination "korkmaz16 won on time"]

1. e4 e5 2. Nc3 Nc6 3. Nf3 Nf6 4. d4 exd4 5. Nxd4 Bb4 6. Nxc6 bxc6 7.
Bd3 O-O 8. O-O Re8 9. Bg5 d5 10. exd5 cxd5 11. Bxf6 Qxf6 12. Nxd5 Qd6 13. Nxb4 Qxb4 14.
b3 Bb7 15. Qh5 g6 16. Qg5 Rad8 17. a3 Qc3 18. h4 Rd5 19. Qg3 Rde5 20. a4 a5 21.
Rad1 Qb4 22. Bc4 Re4 23. Qxc7 R8e7 24. Rd8+ Kg7 25. Qb8 Rxh4 26. Rg8+ Kh6 27. Qf8+ Kh5 28. Rg7 h6 29. Rxf7 Rxf7 30. Qxf7 Qd6 31. Be2+ Kg5 32.
f4+ Rxf4 33. Rxf4 Qxf4 34. Qxb7 Qe3+ 35. Kf1 Qc1+ 36. Kf2 Qxc2 37. Qf3 h5 38. Qe3+ Kf6 39. Qb6+ Kg7 40. Qxa5 Qxb3 41. Qc7+ Kh6 42. Qf4+ Kg7 43. Qe5+ Kh6 44. a5 h4 45. a6 h3 46. Qf4+ Kg7 47.
Qe5+ Kh6 48. Qf4+ Kg7 49. gxh3 Qxh3 50. Qc7+ Kh6 51. Qf4+ g5 52. Qf6+ Kh7 53. Qe7+ Kg8 54. a7 Qh2+ 55. Ke3 Qf4+ 56. Kd3 Qg3+ 57. Kd4 Qf4+ 58.
Kd5 Qf5+ 59. Kc6 Qc2+ 60. Kb7 Qb3+ 61. Kc6 Qc3+ 62. Kd5 Qb3+ 63. Ke5 Qe3+ 64. Kf6 Qf4+ 65. Kg6 1-0

[Event "Early-Titled-Tuesday-Blitz-February-06-2024"]
[Site "Chess.com"]
[Date "2024.02.06"]
[Round "3"]
[White "atomicmate123"]
[Black "CFalcons8"]
[Result "1-0"]
[WhiteElo "2291"]
[BlackElo "2317"]
[TimeControl "180+1"]
[EndTime "8:29:04 PST"]
[Termination "atomicmate123 won by checkmate"]

1. e4 e5 2. Nf3 Nc6 3. Bc4 Bc5 4.
c3 Nf6 5. d3 d6 6. O-O O-O 7.
Re1 h6 8. h3 a6 9. a4 Be6 10. Bb3 Qd7 11. Nbd2 b5 12. Nf1 Bxb3 13. Qxb3 b4 14. Be3 Na5 15. Qc2 Bxe3 16. Nxe3 bxc3 17. bxc3 Rab8 18. Reb1 c5 19. c4 Nc6 20. Nd5 Nxd5 21. cxd5 Nb4 22. Qc4 Rb7 23. d4 exd4 24. Nxd4 Rfb8 25.
Nb3 Qd8 26. Qc3 Rb6 27. Ra3 Qe7 28. Re1 Qb7 29. Na5 Qe7 30. Nc4 R6b7 31. Re3 Rd8 32.
Rg3 f6 33. Rg4 h5 34. Rg3 Qxe4 35. Qxf6 Rf8 36. Qxd6 Qxc4 37. Qe6+ Rbf7 38. Raf3 Qxd5 39. Qg6 Nc6 40. Rg5 Qd1+ 41. Kh2 Ne7 42. Qh6 Qd4 43.
Qe6 c4 44. Rfg3 Kh8 45. Rxh5+ Kg8 46. Rhg5 Kh8 47. R3g4 Qf6 48. Rh4+ Kg8 49. Rgh5 g6 50.
Qxf6 Rxf6 51. Rh7 R8f7 52. Rh8+ Kg7 53. R4h7# 1-0

[Event "Early-Titled-Tuesday-Blitz-February-06-2024"]
[Site "Chess.com"]
[Date "2024.02.06"]
[Round "3"]
[White "DrCeltic"]
[Black "Witik"]
[Result "0-1"]
[WhiteElo "2537"]
[BlackElo "2789"]
[TimeControl "180+1"]
[EndTime "8:29:06 PST"]
[Termination "Witik won by resignation"]

1. e4 c6 2. d4 d5 3. exd5 cxd5 4.
c4 Nf6 5. Nc3 e6 6. Nf3 Be7 7.
cxd5 exd5 8. Ne5 O-O 9. Be2 Nc6 10. O-O Bf5 11. h3 Re8 12. Bg5 Rc8 13. Bf3 Ne4 14.
Bxe7 Rxe7 15. Nxc6 Rxc6 16. Qb3 Nxc3 17. bxc3 Be6 18.
Rfe1 g6 19. Qa3 Ra6 20. Qb4 Rc7 21. a4 Rac6 22. Rac1 Qg5 23. Kh1 Kg7 24. a5 h5 25.
Re3 Qd8 26. Rce1 Rc4 27. Qa3 Qf8 28. Qb3 Qd6 29. Kg1 Qa6 30. Qa3 Qc6 31. Rc1 Rxd4 32. Rce1 Rc4 33. Qc1 Qc5 34. Qa1 a6 35. Qc1 Kh7 36. Qd2 Rxc3 37. Rxe6 fxe6 38. Rxe6 Rxf3 39. gxf3 Qc1+ 40. Qxc1 Rxc1+ 41. Kg2 Rb1 42. Rd6 Rb5 43. Kg3 Kh6 44. h4 Rxa5 45. Rd7 Rb5 46. f4 Rb3+ 47.
f3 a5 48. Rxd5 a4 49. Rd6 Kg7 50. f5 gxf5 51. Kf4 a3 52. Kg5 Kf7 53. f4 a2 54.
Rd7+ Ke8 55. Rd1 Rb1 0-1

[Event "Early-Titled-Tuesday-Blitz-February-06-2024"]
[Site "Chess.com"]
[Date "2024.02.06"]
[Round "3"]
[White "MokshAD1603"]
[Black "jacky72"]
[Result "1-0"]
[WhiteElo "2592"]
[BlackElo "2811"]
[TimeControl "180+1"]
[EndTime "8:29:06 PST"]
[Termination "MokshAD1603 won on time"]

1. d4 Nf6 2. c4 g6 3. Nc3 Bg7 4. e4 O-O 5. Nf3 d6 6. Be2 Na6 7. O-O e5 8. Re1 c6 9. Bf1 Re8 10. Qc2 exd4 11. Nxd4 Nc5 12. Nb3 Nxb3 13. axb3 Ng4 14.
h3 Ne5 15. Be3 b6 16. Red1 Qe7 17. Bxb6 Bxh3 18. Be3 Bg4 19. f3 Be6 20. Ra5 f5 21. Rda1 fxe4 22. Rxa7 Rxa7 23. Rxa7 Qd8 24. Nxe4 d5 25.
Ng5 Bf5 26. Qf2 d4 27. Bd2 Qb6 28. Ra3 Bf8 29. b4 Qd8 30. c5 Bh6 31. Ne6 Rxe6 32.
Bxh6 Re8 33. Ra7 Nf7 34. Bf4 Qd5 35. Qh4 d3 36. Qf6 Bd7 37. Qc3 g5 38. Qxd3 Be6 39. Qxd5 Bxd5 40. Bd2 h5 41. b5 cxb5 42. Bxb5 Rc8 43.
b4 g4 44. Bd7 Rd8 45. fxg4 Ne5 46. Bf5 hxg4 47. Bc3 Nc4 48. Rg7+ Kf8 49. Rxg4 Ne3 50. Rf4 Nxf5 51. Rxf5+ Kg8 52. Rg5+ Kf7 53. Rf5+ Ke6 54. Rf2 Bc6 55. Re2+ Kf5 56. Re5+ Kf4 57. Re6 Rd1+ 58.
Kf2 Bb5 59. g3+ Kg4 60. Rb6 Bc4 61. c6 Rc1 62. Bd4 Bd5 63. Bc5 Rc2+ 64. Ke3 1-0

[Event "Early-Titled-Tuesday-Blitz-February-06-2024"]
[Site "Chess.com"]
[Date "2024.02.06"]
[Round "3"]
[White "Orphanator2009"]
[Black "Alexchess1984"]
[Result "1/2-1/2"]
[WhiteElo "2458"]
[BlackElo "2659"]
[TimeControl "180+1"]
[EndTime "8:29:08 PST"]
[Termination "Game drawn by repetition"]

1. e4 c5 2. Nf3 g6 3. d4 cxd4 4. Nxd4 Bg7 5. c4 Nc6 6. Be3 Nf6 7. Nc3 d6 8. Be2 O-O 9. O-O Bd7 10. f3 Nxd4 11.
Bxd4 a5 12. Nd5 Ne8 13. Bb6 Qb8 14. Nxe7+ Kh8 15. Bd4 Nf6 16. Nd5 Qd8 17. Nxf6 Bxf6 18. Qd2 Kg8 19. Rfd1 Be6 20. Rab1 Bxd4+ 21. Qxd4 Qg5 22.
Qd2 Qc5+ 23. Qd4 Qg5 24. Rd3 Rfd8 25. b3 h5 26. Qe3 Qf6 27. Rbd1 h4 28. Rxd6 Rxd6 29.
Rxd6 Qa1+ 30. Kf2 Qxa2 31. Qc3 Qa3 32. Rd1 a4 33. Ra1 Qc5+ 34. Qe3 Qb4 35. Rxa4 Rxa4 36. bxa4 Qxa4 37. Qb6 Bxc4 38. Qd8+ Kh7 39. Qd4 b5 40. Bxc4 bxc4 41. Qf6 Qc2+ 42. Ke3 Qd3+ 43. Kf4 Qd2+ 44. Kg4 Qxg2+ 45. Kxh4 Qxh2+ 46. Kg4 Qh5+ 47. Kg3 g5 48.
Qc6 Qh4+ 49. Kg2 g4 50. Qxc4 Qh3+ 51. Kg1 Qg3+ 52. Kh1 Qxf3+ 53. Kg1 g3 54. Qc2 Kh6 55. e5 Qe3+ 56. Kg2 Qxe5 57. Qc4 f5 58. Qf7 Kg5 59.
Qh7 Qe2+ 60. Kxg3 f4+ 61. Kh3 Qg4+ 62. Kh2 Qh4+ 63. Qxh4+ Kxh4 64. Kg2 Kg4 65. Kf2 f3 66.
Kf1 Kf4 67. Kf2 Ke4 68. Kf1 Ke3 69. Ke1 Kd3 70. Kf2 Ke4 71. Kf1 Ke3 72. Ke1 Kd3 73. Kf2 Ke4 1/2-1/2